 Dungeon Crawl Stone Soup version 0.29.1-15-g9cfb28693d (webtiles) character file.

Game seed: 2945114822075076475

1767 Jase the Transmogrifier (level 8, -5/59 HPs)
             Began as a Grey Draconian Transmuter on Apr 24, 2023.
             Was a Follower of Ru.
             Slain by a yak (11 damage)
             ... on level 6 of the Dungeon.
             The game lasted 00:18:28 (6746 turns).

Jase the Transmogrifier (Grey Draconian Transmuter) Turns: 6746, Time: 00:18:28

Health: -5/59      AC: 13    Str: 12    XL:     8   Next: 80%
Magic:  10/12      EV: 12    Int: 17    God:    Ru [*.....]
Gold:   228        SH:  0    Dex: 11    Spells: 7/13 levels left

rFire   . . .      SeeInvis .     - Unarmed
rCold   . . .      Faith    .   (no shield)
rNeg    . . .      Spirit   .   (body armour unavailable)
rPois   .          Reflect  .   (helmet currently unavailable)
rElec   .          Harm     .   E - +1 cloak
rCorr   .          Rampage  .   (no gloves)
Will    +....                   (boots currently unavailable)
Stlth   +.........              (no amulet)
HPRegen 0.19/turn               x - ring of willpower
MPRegen 0.13/turn               (no ring)

@: appendages, wereblooded, unable to read
A: horns 2, talons 2, AC +11, amphibious, unfitting armour, cold-blooded,
inability to read after injury 2
a: End Transformation, Renounce Religion


You were on level 6 of the Dungeon.
You worshipped Ru.
Ru was aware of your devotion.
You had temporarily grown beastly horns and talons.
You visited 1 branch of the dungeon, and saw 6 of its levels.
You also visited: Ossuary.

You collected 228 gold pieces.

Inventory:

Missiles
 e - 23 stones
 h - 9 boomerangs
 j - 3 boomerangs of dispersal
 v - 2 throwing nets
 F - 4 poisoned darts
Armour
 E - a +1 cloak (worn)
Magical Staves
 k - a staff of death
Jewellery
 d - a ring of ice
 x - a ring of willpower (left hand)
Wands
 y - a wand of flame (51)
 A - a wand of paralysis (10)
 D - a wand of mindburst (14)
Scrolls
 a - a scroll of noise {unknown}
 f - 2 scrolls of vulnerability {unknown}
 g - a scroll of summoning {unknown}
 i - 3 scrolls of magic mapping {unknown}
 m - 3 scrolls of immolation {unknown}
 n - 7 scrolls of identify {unknown}
 o - 2 scrolls of teleportation {unknown}
 p - a scroll of blinking {unknown}
 q - a scroll of silence {unknown}
 t - a scroll of enchant armour {unknown}
 B - 2 scrolls of fear {unknown}
 C - a scroll of amnesia {unknown}
Potions
 b - 6 potions of attraction
 c - a potion of degeneration {unknown}
 l - a potion of flight {unknown}
 r - a potion of cancellation {unknown}
 s - 2 potions of might {unknown}
 u - 2 potions of mutation {unknown}
 w - a potion of curing {unknown}
 z - a potion of berserk rage {unknown}


   Skills:
 - Level 1.1 Fighting
 - Level 1.7 Dodging
 + Level 6.7 Unarmed Combat
 - Level 3.0 Spellcasting
 * Level 8.5 Transmutations
 - Level 4.0 Poison Magic


You had 7 spell levels left.
You knew the following spells:

 Your Spells              Type           Power      Damage    Failure   Level
a - Beastly Appendage     Tmut           62%        N/A       1%          1
b - Wereblood             Tmut           31%        N/A       1%          2
c - Spider Form           Tmut/Pois      23%        N/A       4%          3

Your spell library contained the following spells:

 Spells                   Type           Power      Damage    Failure   Level
 Slow                     Hex            8%         N/A       17%         1
 Ice Form                 Ice/Tmut       17%        N/A       30%         4
 Confusing Touch          Hex            2%         N/A       45%         3
 Vampiric Draining        Necr           2%         2d6       45%         3


Dungeon Overview and Level Annotations

Branches:
Dungeon (6/15)             Temple (0/1) D:4         Ossuary (visited)

Altars:
Cheibriados
Dithmenos
Fedhas
Gozag
Hepliaklqana
Makhleb
Nemelex Xobeh
Ru
Vehumet

Annotations:
D:4 9 exclusions


Innate Abilities, Weirdness & Mutations

You have temporarily grown beastly horns and talons.
Your dull iron-grey scales are very hard. (AC +11)
You are amphibious.
You cannot fit into any form of body armour.
You are cold-blooded and may be slowed by cold attacks.
You sometimes lose the ability to read scrolls when taking damage.


Message History

The yak gores you.
You punch the yak! You headbutt the yak!
The yak is heavily wounded.
The yak gores you!
Unknown command.
You punch the yak! You headbutt the yak.
The yak is severely wounded.
You hit the yak. Your kick misses the yak. Your headbutt misses the yak.
You tail-slap the yak.
The yak is almost dead.
The yak barely misses you.
You punch the yak!
You feel a bit better.
You kill the yak!
You closely miss the yak. You headbutt the yak!
The yak is lightly wounded.
The yak gores you!
You hit the yak. You claw the yak.
The yak is moderately wounded.
The yak barely misses you.
You hit the yak. Your kick misses the yak. You headbutt the yak.
The yak is moderately wounded.
The yak gores you.
You punch the yak! You claw the yak, but do no damage. You headbutt the yak.
The yak is heavily wounded.
The yak closely misses you.
You closely miss the yak. You claw the yak.
The yak is severely wounded.
Your horns disappear.
Your talons disappear.
You hit the yak but do no damage.
The yak is severely wounded.
The yak barely misses you.
Casting: Wereblood (safe; 1% risk of failure)
Confirm with . or Enter, or press ? or * to list all spells.
You grow a pair of large bovine horns.
Your feet morph into talons.
The yak gores you!
* * * LOW HITPOINT WARNING * * *
You hit the yak.
The yak is severely wounded.
The yak gores you!
You die...

#########
#.......##############
##.#####......@YY......
.##)............###.#####
............###.# #
.##..######## #.#
..#..###### #.#
....<...>.# #.#
..#))####.# #.# .##>)...#
#.# . #.###.# #.#


You could see 2 yaks.

Vanquished Creatures
  Prince Ribbit (D:5)
  2 yaks (D:6)
  Menkaure (D:5)
  Edmund (D:5)
  An ice beast (D:5)
  An ogre (D:4)
  2 elf zombies (Ossuary)
  Blork the orc (D:4)
  A scorpion (D:3)
  2 hounds (D:5)
  A human zombie (Ossuary)
  A gnoll bouda (D:4)
  Ijyb (D:3)
  An iguana (D:4)
  2 orc wizards (D:5)
  Robin (D:2)
  2 mummies (Ossuary)
  15 gnolls
  6 adders
  A shadow imp (D:5)
  2 white imps
  4 dart slugs
  3 orcs (D:5)
  12 ball pythons
  2 bats (D:1)
  4 endoplasms
  3 giant cockroaches
  12 goblins
  10 hobgoblins
  6 jackals
  2 quokkas (D:2)
  8 frilled lizards
  3 goblin zombies (Ossuary)
  10 hobgoblin zombies (Ossuary)
  A jackal zombie (Ossuary)
  6 kobolds
  5 kobold zombies (Ossuary)
  11 orc zombies (Ossuary)
  5 rats
  4 rat zombies (Ossuary)
157 creatures vanquished.

Vanquished Creatures (others)
  An orc (D:5)
  A jackal (D:5)
2 creatures vanquished.

Grand Total: 159 creatures vanquished

Notes
Turn   | Place    | Note
-------+----------+-------------------------------------------
     0 | D:1      | Jase the Draconian Transmuter began the quest for the Orb.
     0 | D:1      | Reached XP level 1. HP: 16/16 MP: 3/3
   286 | D:1      | Reached XP level 2. HP: 19/23 MP: 3/5
   355 | D:1      | Learned a level 2 spell: Wereblood
  1206 | D:1      | Reached skill level 3 in Transmutations
  1206 | D:1      | Reached XP level 3. HP: 28/28 MP: 4/6
  1210 | D:1      | Learned a level 3 spell: Spider Form
  1929 | D:2      | You fall into a shaft and drop 2 floors!
  1950 | D:4      | Found an opulent altar of Gozag.
  1986 | D:4      | Reached XP level 4. HP: 30/35 MP: 7/7
  2071 | D:4      | Found a burning altar of Makhleb.
  2120 | D:4      | Reached skill level 1 in Poison Magic
  2150 | D:4      | Reached XP level 5. HP: 4/40 MP: 6/8
  2253 | D:4      | Noticed Blork the orc
  2283 | D:4      | Killed Blork the orc
  2284 | D:4      | Reached skill level 4 in Transmutations
  2292 | D:4      | Found a staircase to the Ecumenical Temple.
  2415 | D:4      | Found a sand-covered staircase.
  2440 | Ossuary  | Entered an ossuary
  2800 | Ossuary  | Reached XP level 6. HP: 37/47 MP: 8/10
  2857 | Ossuary  | Reached skill level 5 in Transmutations
  3285 | D:3      | Found a sacrificial altar of Ru.
  3311 | D:3      | Your scales start taking on a dull iron-grey colour.
  3311 | D:3      | Reached XP level 7. HP: 32/52 MP: 11/11
  3524 | D:3      | Became a worshipper of Ru the Awakened
  3689 | D:2      | Noticed Robin
  3708 | D:2      | Killed Robin
  4169 | D:3      | Found a faded altar of an unknown god.
  4221 | D:3      | Noticed Ijyb
  4231 | D:3      | Killed Ijyb
  4433 | D:3      | Found a snail-covered altar of Cheibriados.
  4795 | D:4      | Reached skill level 5 in Unarmed Combat
  5251 | D:4      | Found a blossoming altar of Fedhas.
  5260 | D:4      | Found a hazy altar of Hepliaklqana.
  5308 | D:5      | Entered Level 5 of the Dungeon
  5358 | D:5      | Reached skill level 6 in Transmutations
  5358 | D:5      | Noticed Edmund
  5512 | D:5      | Noticed Prince Ribbit
  5535 | D:5      | Killed Prince Ribbit
  5542 | D:5      | Reached XP level 8. HP: 29/59 MP: 12/12
  5618 | D:5      | Killed Edmund
  5619 | D:5      | Reached skill level 7 in Transmutations
  5684 | D:4      | Gained mutation: You occasionally lose the ability to read
                  | scrolls when taking damage. [Ru sacrifice]
  5684 | D:4      | Gained mutation: You sometimes lose the ability to read
                  | scrolls when taking damage. [Ru sacrifice]
  5684 | D:4      | Reached * piety under Ru
  6237 | D:5      | Found a shadowy altar of Dithmenos.
  6246 | D:5      | Found a radiant altar of Vehumet.
  6361 | D:5      | Found a sparkling altar of Nemelex Xobeh.
  6400 | D:5      | Noticed Menkaure
  6407 | D:5      | Killed Menkaure
  6734 | D:6      | Reached skill level 8 in Transmutations
  6746 | D:6      | Slain by a yak

Illustrated notes

Levels and vault maps discovered:
D:1:      saegor_arrival_simple_d, layout_loops_cross
D:2:      layout_rooms, uniq_robin
D:3:      layout_loops_ring, mainiacjoe_overflow_alcove_1, marbit_many_paths,
          shapermc_ecumenical_altar_mp_vishouse, uniq_ijyb
D:4:      layout_loops_ring, old_standard_altar, grunt_gozag_breadcrumbs,
          mainiacjoe_overflow_swirl, minmay_temple_entry_wispy, enter_ossuary_5,
          uniq_blork_the_orc
D:5:      layout_loops_cross, fiery_altar_vehumet,
          mainiacjoe_overflow_catwalk_spiral, uniq_edmund, uniq_menkaure,
          uniq_prince_ribbit1
D:6:      layout_loops_ring

Skill      XL: |  1  2  3  4  5  6  7  8 |
---------------+-------------------------+-----
Transmutations | 3 4 5 6 8 |  8.5
Poison Magic   | 1 2 3 4 |  4.0
Unarmed Combat | 4 5 6 |  6.7
Spellcasting   | 3 |  3.0
Fighting       | |  1.1
Dodging        | |  1.7

Action                   |  1- 3 |  4- 6 |  7- 9 || total
-------------------------+-------+-------+-------++-------
Melee: Unarmed           |   124 |   212 |   191 ||   527
       Kick              |    21 |    52 |    50 ||   123
       Headbutt          |    18 |    24 |    38 ||    80
       Tailslap          |    12 |    23 |    28 ||    63
       Punch             |     3 |    10 |    10 ||    23
 Cast: Beastly Appendage |    26 |    21 |    29 ||    76
       Wereblood         |     1 |     4 |     6 ||    11
Invok: Sacrifice Words   |       |       |     1 ||     1
  Use: Potion            |       |     6 |       ||     6
Armor: Skin              |    39 |    34 |    66 ||   139
Dodge: Dodged            |    64 |    85 |    71 ||   220
